 Dungeon Crawl Stone Soup version 0.27.0-1-g7a089689b8 (webtiles) character file.

Game seed: 11604291984817458469

5934 Naeght the Cleaver (level 10, 0/91 HPs)
             Began as a Minotaur Berserker on July 29, 2021.
             Was an Elder of Trog.
             Killed from afar by a steam dragon (21 damage)
             ... with a ball of steam
             ... on level 9 of the Dungeon on Aug 3, 2021.
             The game lasted 00:27:42 (10314 turns).

Naeght the Cleaver (Minotaur Berserker)            Turns: 10314, Time: 00:27:42

Health: 0/91       AC: 13    Str: 30    XL:     10   Next: 54%
Magic:  9/9        EV: 11    Int:  5    God:    Trog [****..]
Gold:   213        SH:  4    Dex: 10    Spells: 9/9 levels left

rFire    . . .     SeeInvis .   I - +0 war axe
rCold    . . .     Faith    .   m - +0 buckler
rNeg     + . .     Spirit   .   a - +2 chain mail {rN+}
rPois    .         Reflect  .   (helmet restricted)
rElec    .         Harm     .   (no cloak)
rCorr    .         Rampage  .   (no gloves)
Will     .....                  (no boots)
Stlth    ..........             (no amulet)
HPRegen  0.25/turn              c - +6 ring of strength
MPRegen  0.11/turn              (no ring)

@: no status effects
A: horns 2, retaliatory headbutt
a: Renounce Religion, Berserk, Trog's Hand, Brothers in Arms


You were on level 9 of the Dungeon.
You worshipped Trog.
Trog was greatly pleased with you.
You visited 2 branches of the dungeon, and saw 10 of its levels.

You collected 430 gold pieces.
You spent 217 gold pieces at shops.

Inventory:

Hand Weapons
 I - a +0 war axe (weapon)
Armour
 a - a +2 chain mail of positive energy (worn)
 m - a +0 buckler (worn)
 C - a +0 kite shield
Jewellery
 c - a +6 ring of strength (left hand)
 n - a +6 ring of dexterity
 w - a ring of flight
 z - a ring of positive energy
 H - a ring of protection from fire
Wands
 j - a wand of mindburst (9)
 q - a wand of paralysis (11)
 y - a wand of charming (5)
 B - a wand of digging (8)
Scrolls
 d - a scroll of torment {unknown}
 f - 11 scrolls of identify
 o - a scroll of enchant armour {unknown}
 p - 3 scrolls of noise {unknown}
 s - a scroll of immolation {unknown}
 t - a scroll of magic mapping {unknown}
 u - 4 scrolls of teleportation {unknown}
 v - a scroll of fog {unknown}
 x - a scroll of summoning {unknown}
 A - 2 scrolls of enchant weapon {unknown}
 D - a scroll of amnesia {unknown}
 E - a scroll of blinking {unknown}
Potions
 b - a potion of heal wounds {unknown}
 e - a potion of berserk rage
 g - 3 potions of curing
 i - a potion of ambrosia {unknown}
 k - 2 potions of attraction {unknown}
 l - 2 potions of flight {unknown}
 r - a potion of lignification {unknown}
 F - 2 potions of brilliance {unknown}
 G - a potion of resistance {unknown}


   Skills:
 + Level 9.0 Fighting
 * Level 11.6 Axes
 * Level 8.6 Armour
 + Level 7.6 Dodging
 - Level 4.6 Shields
 + Level 2.5 Evocations


You had 9 spell levels left.
You didn't know any spells.
Your spell library was empty.

Dungeon Overview and Level Annotations

Branches:
Dungeon (9/15)             Temple (1/1) D:6
   Lair: D:8-11         Orc: D:9-12

Altars:
Ashenzari
Elyvilon
Fedhas
Kikubaaqudgha
Nemelex Xobeh
Qazlal
Sif Muna
Trog
Uskayaw
The Shining One

Shops:
D:4 (   D:5 *   D:7 (   D:9 =


Innate Abilities, Weirdness & Mutations

You have a pair of horns on your head.
You reflexively headbutt those who attack you in melee.


Message History

The two-headed ogre is almost dead.
The two-headed ogre hits you with a +0 giant spiked club!
The two-headed ogre hits you with a +0 giant club!
You hit the two-headed ogre. You headbutt the two-headed ogre.
You kill the two-headed ogre!
Trog accepts your kill.
Your Fighting skill increases to level 9!
Things that are here:
a +0 giant spiked club; a +0 giant club
f - 11 scrolls of identify (gained 1)
Things that are here:
a +0 giant spiked club; a +0 giant club A steam dragon comes into view.
The steam dragon breathes steam at you. The ball of steam hits you!
You are engulfed in a cloud of scalding steam.
The steam dragon bites you but does no damage.
You block the steam dragon's attack.
You hit the steam dragon. Your headbutt misses the steam dragon.
The steam dragon is lightly wounded.
You are engulfed in a cloud of scalding steam.
* * * LOW HITPOINT WARNING * * *
The steam dragon closely misses you. You block the steam dragon's attack.
Your chain mail prevents you from hitting the steam dragon.
Your headbutt misses the steam dragon.
The steam dragon is lightly wounded.
You are engulfed in a cloud of scalding steam.
The steam dragon bites you!
* * * LOW HITPOINT WARNING * * *
The steam dragon closely misses you.
Unknown command.
You're wearing all the rings you can.
Remove which one? (? for menu, Esc to cancel) < or
c - a +6 ring of strength; > or
n - a +6 ring of dexterity You remove your +6 ring of dexterity.
You feel clumsy.
You are engulfed in a cloud of scalding steam.
The steam dragon breathes steam at you. The ball of steam hits you!!
You die...

...........###.## #
..........##..## .# #
#.##......##.### #.#
#. #.##......†._...
..# #.
#.##......##.#..
..#.##
#.####........###.#..
......
#...##.§§§....# #....
...y..
#...##§§§§....# ###..
.K..##
#...@.§.§.....# #..
8K### #..D###.......#
#.. .K.$ #.!...
........# #.. .K....
...................
####..
..................##
. #
........#.#.......# .
........#.#.#.#####
..........# #


You could see a steam dragon (catching breath).

Vanquished Creatures
  A two-headed ogre (D:9)
  5 yaks
  An acid dragon (D:5)
  4 water moccasins
  A sky beast (D:6)
  An ice beast (D:7)
  3 black bears
  3 necrophages
  2 ogres
  4 centaurs
  2 phantoms
  A kobold brigand (D:9)
  2 gnoll sergeants (D:6)
  A wyvern zombie (D:7)
  4 bullfrogs
  A scorpion (D:6)
  11 killer bees
  A water moccasin skeleton (D:6)
  10 wights
  2 centaur zombies
  A bullfrog zombie (D:6)
  2 bullfrog skeletons
  2 hounds (D:5)
  2 jellies (D:6)
  3 orc priests
  3 iguanas
  Natasha (thrice) (D:3)
  2 orc wizards
  Robin (D:3)
  A howler monkey zombie (D:9)
  A howler monkey skeleton (D:5)
  7 adders
  4 gnolls (D:6)
  3 shadow imps
  An ufetubus (D:6)
  An adder skeleton (D:4)
  2 worms (D:2)
  A dart slug (D:4)
  14 orcs
  3 ball pythons (D:1)
  6 bats
  7 endoplasms
  A giant cockroach (D:2)
  15 goblins
  8 hobgoblins
  17 jackals
  13 kobolds
  7 quokkas
  6 frilled lizards (D:1)
  10 rats
207 creatures vanquished.

Vanquished Creatures (collateral kills)
  A hydra (D:7)
1 creature vanquished.

Vanquished Creatures (others)
  4 plants (D:2)
4 creatures vanquished.

Grand Total: 212 creatures vanquished

Notes
Turn   | Place    | Note
-------+----------+-------------------------------------------
     0 | D:1      | Naeght the Minotaur Berserker began the quest for the Orb.
     0 | D:1      | Reached XP level 1. HP: 19/19 MP: 0/0
   249 | D:1      | Reached XP level 2. HP: 26/27 MP: 1/1
   352 | D:1      | Reached skill level 4 in Axes
   571 | D:1      | Reached ** piety under Trog
   781 | D:2      | Found a faded altar of an unknown god.
   787 | D:2      | Reached XP level 3. HP: 29/33 MP: 2/2
  1112 | D:2      | Reached XP level 4. HP: 41/41 MP: 3/3
  1682 | D:3      | Noticed a centaur
  1685 | D:3      | HP: 2/41 [centaur/arrow (12)]
  1691 | D:3      | Killed a centaur
  1692 | D:3      | Reached skill level 5 in Axes
  1692 | D:3      | Reached XP level 5. HP: 12/47 MP: 4/4
  2139 | D:3      | Noticed Robin
  2142 | D:3      | Reached *** piety under Trog
  2172 | D:3      | Killed Robin
  2173 | D:3      | Reached skill level 5 in Fighting
  2320 | D:3      | Noticed Natasha
  2327 | D:3      | Killed Natasha
  2391 | D:3      | Reached skill level 1 in Shields
  2408 | D:3      | Found a shimmering blue altar of Sif Muna.
  2532 | D:3      | Reached XP level 6. HP: 16/56 MP: 5/5
  2898 | D:3      | Noticed Natasha
  2903 | D:3      | Killed Natasha
  3030 | D:3      | Found a glowing golden altar of the Shining One.
  3352 | D:3      | Noticed Natasha
  3358 | D:3      | Killed Natasha
  3472 | D:4      | Found a white marble altar of Elyvilon.
  3570 | D:4      | Found Zailomat's Weapon Boutique.
  3731 | D:4      | Reached **** piety under Trog
  3739 | D:4      | Reached skill level 6 in Axes
  3857 | D:4      | Found a sparkling altar of Nemelex Xobeh.
  3885 | D:4      | Noticed a water moccasin
  3891 | D:4      | Killed a water moccasin
  3892 | D:4      | Reached XP level 7. HP: 32/61 MP: 6/6
  4289 | D:4      | Found a blossoming altar of Fedhas.
  4520 | D:5      | Entered Level 5 of the Dungeon
  4530 | D:5      | Noticed a yak
  4531 | D:5      | Noticed a yak
  4532 | D:5      | Noticed a yak
  4533 | D:5      | Noticed a yak
  4533 | D:5      | Noticed a yak
  4556 | D:4      | Killed a yak
  4821 | D:4      | Killed a yak
  4822 | D:4      | Killed a yak
  4823 | D:4      | Reached skill level 7 in Axes
  4823 | D:4      | Reached skill level 5 in Armour
  4823 | D:4      | Reached XP level 8. HP: 19/70 MP: 7/7
  4823 | D:4      | HP: 5/105 [yak (14)]
  5178 | D:5      | Reached skill level 8 in Axes
  5178 | D:5      | Reached skill level 5 in Dodging
  5480 | D:5      | Found Lyotiekkohy's Assorted Antiques.
  5503 | D:5      | Found a hide-covered altar of Uskayaw.
  5590 | D:5      | Reached skill level 9 in Axes
  5818 | D:6      | Found a staircase to the Ecumenical Temple.
  5824 | D:6      | Reached XP level 9. HP: 79/79 MP: 8/8
  6545 | D:6      | Upgraded the game from 0.27-b1-42-g19c61b19a5 to
                  | 0.27.0-1-g7a089689b8
  6690 | D:6      | Reached skill level 10 in Axes
  7820 | D:7      | Reached ***** piety under Trog
  8027 | D:7      | Found a broken altar of Ashenzari.
  8076 | D:7      | Found Uzouc's Firing Range.
  8118 | D:7      | Reached skill level 1 in Evocations
  8118 | D:7      | Reached XP level 10. HP: 90/90 MP: 9/9
  8594 | D:8      | Noticed a four-headed hydra
  8607 | D:7      | Killed a four-headed hydra
  8608 | D:7      | Reached skill level 11 in Axes
  9547 | D:5      | Bought a glowing chain mail for 217 gold pieces
  9585 | Temple   | Entered the Ecumenical Temple
 10172 | D:9      | Found Val Kuju's Jewellery Emporium.
 10250 | D:9      | Found a bloodstained altar of Trog.
 10289 | D:9      | Noticed a two-headed ogre
 10295 | D:9      | Killed a two-headed ogre
 10314 | D:9      | Killed from afar by a steam dragon

Illustrated notes

Levels and vault maps discovered:
D:1:      heliophobic_arrival_ceremonial_halls, layout_basic,
          minmay_tetromino_i4
D:2:      layout_rooms, serial_bayou, serial_bayou_pond_d, serial_bayou_pond_b,
          serial_bayou_ford_a, serial_bayou_pond_d,
          ebering_ecumenical_altar_abandoned, minmay_misc_feat_plants
D:3:      layout_basic, nicolae_sif_muna_little_library,
          overflow_temple_1_default, kennysheep_nub, uniq_natasha, uniq_robin
D:4:      layout_basic, nemelex_spade_bored_becter,
          mainiacjoe_overflow_alcove_1, mainiacjoe_overflow_brackets,
          serial_shops, nicolae_stop_n_shop_1
D:5:      layout_rooms, nicolae_overflow_crystal_walls, serial_shops,
          shop_statue, minmay_misc_feat_secret_circle, kennysheep_generic_room_4
D:6:      layout_loops_ring, minmay_temple_entry_offerings, st_stairs_11,
          grunt_ministairs_6
D:7:      layout_loops_ring, nicolae_ashenzari_panopticon,
          hangedman_decor_diamond_cutter, nicolae_shop_firing_range
D:8:      layout_cave_pools
D:9:      layout_basic, lemuel_crystal_altar, enter_bailey_3, serial_shops,
          nicolae_stop_n_shop_1
Temple:   nicolae_temple_hex_pool

Skill      XL: |  1  2  3  4  5  6  7  8  9 10 |
---------------+-------------------------------+-----
Fighting       | 4 5 6 7 8 9 |  9.0
Axes           | 4 5 6 7 9 10 11 | 11.6
Armour         | 3 4 5 6 7 8 |  8.6
Dodging        | 3 4 5 7 |  7.6
Shields        | 1 2 4 |  4.6
Evocations     | 1 2 |  2.5

Action                   |  1- 3 |  4- 6 |  7- 9 | 10-12 || total
-------------------------+-------+-------+-------+-------++-------
Melee: Hand axe          |    62 |   137 |   230 |    56 ||   485
       Headbutt          |    12 |    31 |    78 |    27 ||   148
       War axe           |       |       |       |    48 ||    48
Invok: Berserk           |       |       |     2 |       ||     2
       Brothers in Arms  |       |       |       |     2 ||     2
Evoke: Wand              |       |       |       |     2 ||     2
  Use: Potion            |       |     1 |       |       ||     1
       Scroll            |       |       |     1 |       ||     1
Armor: Animal skin       |     7 |       |       |       ||     7
       Ring mail         |     9 |    36 |    45 |    18 ||   108
       Chain mail        |       |       |       |    20 ||    20
Dodge: Dodged            |    44 |    67 |   139 |    58 ||   308
Block: Buckler           |       |    11 |    54 |    18 ||    83
